 Dungeon Crawl Stone Soup version 0.17.1-3-g152610e (webtiles) character file.

253 manyhoops the Skirmisher (level 5, -6/37 HPs)
             Began as a Demonspawn Gladiator on Apr 23, 2016.
             Mangled by an ogre
             ... wielding a +0 giant club
              (12 damage)
             ... on level 4 of the Dungeon.
             The game lasted 00:08:40 (4142 turns).

manyhoops the Skirmisher (Demonspawn Gladiator)     Turns: 4142, Time: 00:08:40

Health: -6/37      AC:  7    Str: 15 (16) XL:     5   Next: 90%
Magic:  4/4        EV: 11    Int:  9      God:
Gold:   133        SH:  0    Dex: 14      Spells: 0 memorised, 4 levels left

rFire  + + .     SeeInvis .     a - +0 war axe
rCold  . . .     Clarity  .     r - +0 ring mail
rNeg   . . .     SustAt   .     (no shield)
rPois  .         Gourm    .     c - +0 helmet
rElec  .         Spirit   .     h - +2 cloak
rCorr  .         Warding  .     (no gloves)
rMut   .         Stasis   .     (no boots)
MR     .....                    (no amulet)
Stlth  +.........               (no ring)
                                (no ring)

@: flying (expiring), not resistant to hostile enchantments, very unstealthy
A: hooves 1, deformed body, deterioration 2, fire resistance 2, frail 1, low mp
1
a: no special abilities


You were on level 4 of the Dungeon.
You were not hungry.

You visited 1 branch of the dungeon, and saw 4 of its levels.

You collected 133 gold pieces.

Inventory:

Hand Weapons
 a - a +0 war axe (weapon)
Missiles
 d - 3 throwing nets (quivered)
Armour
 b - a +0 leather armour
 c - a +0 helmet (worn)
 h - a +2 cloak (worn)
 r - a +0 ring mail (worn)
Wands
 v - a wand of slowing (9)
Scrolls
 f - 2 scrolls of immolation {unknown}
 g - 2 scrolls of enchant weapon
 j - 5 scrolls of remove curse
 k - 4 scrolls of magic mapping {unknown}
 n - a scroll of noise {unknown}
 o - 2 scrolls of teleportation {unknown}
 q - a scroll of blinking
 y - a scroll of enchant armour {unknown}
 D - a scroll of amnesia {unknown}
Potions
 l - 2 potions of flight
 p - a potion of cancellation {unknown}
 t - a potion of magic {unknown}
 u - 2 potions of lignification {unknown}
 w - a potion of haste {unknown}
 x - a potion of resistance {unknown}
 A - 2 potions of might {unknown}
Comestibles
 e - a bread ration
 i - 2 fruits
 m - 2 meat rations
 z - a beef jerky
 C - a royal jelly


   Skills:
 * Level 4.2 Fighting
 + Level 4.1 Axes
 + Level 1.9 Throwing
 + Level 2.2 Armour
 - Level 2.6 Dodging


You had 4 spell levels left.
You didn't know any spells.

Dungeon Overview and Level Annotations

Branches:
Dungeon (4/15)
 Temple: D:4-7

Altars:
Ashenzari
Dithmenos
Fedhas
Xom
Yredelemnul
Zin


Innate Abilities, Weirdness & Mutations

You have large cloven feet.
Your flesh is very heat resistant.
Armour fits poorly on your strangely shaped body.
Your body often deteriorates upon taking damage.
You are frail (-10% HP).
Your magical capacity is low (-10% MP).


Message History

You are too injured to fight recklessly!
You are too injured to fight recklessly!
You are too injured to fight recklessly!
You are too injured to fight recklessly!
You are too injured to fight recklessly!
You are too injured to fight recklessly!
You are too injured to fight recklessly!
You are too injured to fight recklessly!
You are too injured to fight recklessly!
You are too injured to fight recklessly!
You are too injured to fight recklessly!
You are too injured to fight recklessly!
You are too injured to fight recklessly!
You are too injured to fight recklessly!
You are too injured to fight recklessly!
You are starting to lose your buoyancy.
You completely miss the ogre.
The ogre is moderately wounded.
The ogre hits you with a giant club!
You die...

####.# #####.##.#
..# #.....#...
### #.....#####
#.....# #...†.# #
#.....# .#
#.....# ..#
##.....#####...#
.........@O.)...#
$############.#.#
#


You could see an ogre.

Vanquished Creatures
  A hound (D:4)
  An orc priest (D:3)
  Ijyb (D:2)
  Jessica (D:3)
  A hound skeleton (D:4)
  4 adders
  2 oozes (D:1)
  An adder skeleton (D:4)
  3 worms (D:3)
  7 orcs
  6 giant cockroaches
  7 goblins
  11 hobgoblins
  7 kobolds
  A ball python (D:3)
  6 bats
  A giant gecko skeleton (D:4)
  4 giant newts
  A jackal skeleton (D:4)
  7 rats
73 creatures vanquished.

Notes
Turn   | Place    | Note
--------------------------------------------------------------
     0 | D:1      | manyhoops the Demonspawn Gladiator began the quest for the Orb.
     0 | D:1      | Reached XP level 1. HP: 16/16 MP: 1/1
   134 | D:1      | Reached skill level 3 in Axes
   146 | D:1      | Gained mutation: Your flesh is heat resistant. [demonic ancestry]
   146 | D:1      | Reached XP level 2. HP: 4/22 MP: 2/2
   625 | D:1      | HP: 1/23 [hobgoblin/club (3)]
   882 | D:1      | Reached XP level 3. HP: 14/28 MP: 3/3
  1963 | D:2      | Found a glowing silver altar of Zin.
  1963 | D:2      | Found a shimmering altar of Xom.
  1963 | D:2      | Noticed an angel
  2327 | D:2      | Reached skill level 1 in Armour
  2361 | D:2      | Noticed Ijyb
  2375 | D:2      | Killed Ijyb
  2375 | D:2      | Gained mutation: You have large cloven feet. [demonic ancestry]
  2375 | D:2      | Reached XP level 4. HP: 30/35 MP: 4/4
  2521 | D:2      | Found a blossoming altar of Fedhas.
  2638 | D:3      | Noticed Jessica
  2802 | D:3      | Found a shattered altar of Ashenzari.
  2970 | D:3      | Killed Jessica
  3076 | D:3      | Reached XP level 5. HP: 36/41 MP: 5/5
  3529 | D:3      | Found a basalt altar of Yredelemnul.
  3802 | D:4      | Reached skill level 4 in Fighting
  3904 | D:4      | Found a shadowy altar of Dithmenos.
  4116 | D:4      | Gained mutation: Your magical capacity is low (-10% MP). [potion of mutation]
  4116 | D:4      | Gained mutation: Your body sometimes deteriorates upon taking damage. [potion of mutation]
  4116 | D:4      | Gained mutation: Your body often deteriorates upon taking damage. [potion of mutation]
  4117 | D:4      | Gained mutation: You are frail (-10% HP). [potion of mutation]
  4117 | D:4      | Gained mutation: Armour fits poorly on your strangely shaped body. [potion of mutation]
  4117 | D:4      | Gained mutation: Your flesh is very heat resistant. [potion of mutation]
  4127 | D:4      | Noticed an ogre
  4142 | D:4      | Mangled by an ogre

Action                   |  1- 3 |  4- 6 || total
-------------------------+-------+-------++-------
Melee: War axe           |   112 |   135 ||   247
  Use: Scroll            |     4 |     1 ||     5
       Potion            |       |     4 ||     4
 Stab: Distracted        |     1 |       ||     1
  Eat: Bread ration      |     1 |       ||     1
       Beef jerky        |     1 |       ||     1
       Chunk             |       |     5 ||     5
